 Dungeon Crawl Stone Soup version 0.20.0-15-g7f486f2 (webtiles) character file.

1649 Reinor the Digger (level 8, -1/52 HPs)
             Began as a Vampire Earth Elementalist on July 2, 2017.
             Was a Follower of Makhleb.
             Slain by an orc warrior
             ... wielding a +0 falchion
              (26 damage)
             ... on level 6 of the Dungeon.
             The game lasted 00:25:26 (8359 turns).

Reinor the Digger (Vampire Earth Elementalist)      Turns: 8359, Time: 00:25:26

Health: -1/52      AC:  3    Str:  7    XL:     8   Next: 67%
Magic:  5/14       EV: 16    Int: 19    God:    Makhleb [*.....]
Gold:   352        SH:  0    Dex: 15    Spells: 3/15 levels left

rFire    . . .     SeeInvis +   a - +3 dagger (vamp)
rCold    + . .     Gourm    .   (no shield)
rNeg     + . .     Faith    .   c - +0 robe
rPois    .         Spirit   .   (no helmet)
rElec    .         Reflect  .   (no cloak)
rCorr    .         Harm     +   i - +0 pair of gloves
MR       .....                  (no boots)
Stlth    ++........             k - amulet of harm
Regen    0.2/turn               (no ring)
MPRegen  0.2/turn               u - ring of protection from cold

@: no status effects
A: fangs 3, see invisible, unbreathing
a: Bat Form, Renounce Religion


You were on level 6 of the Dungeon.
You worshipped Makhleb.
Makhleb was aware of your devotion.
You were not thirsty.

You visited 2 branches of the dungeon, and saw 7 of its levels.

You collected 352 gold pieces.

Inventory:

Hand Weapons
 a - a +3 vampiric dagger (weapon)
 s - a +0 blowgun
Missiles
 b - 140 stones (quivered)
 z - 41 poisoned needles
Armour
 c - a +0 robe (worn)
 i - a +0 pair of gloves (worn)
Jewellery
 k - an amulet of harm (around neck)
 o - an uncursed ring of flight
 u - a ring of protection from cold (right hand)
Wands
 q - a wand of confusion (21/48)
Scrolls
 g - 2 scrolls of teleportation
 h - a scroll of recharging {unknown}
 j - 2 scrolls of blinking
 l - 2 scrolls of identify
 w - a scroll of amnesia {unknown}
 y - a scroll of fog {unknown}
 B - 4 scrolls of magic mapping {unknown}
 C - a scroll of immolation {unknown}
Potions
 d - 11 potions of blood
 f - 2 potions of invisibility
 n - a potion of curing {unknown}
 p - 2 potions of agility {unknown}
 r - a potion of mutation {unknown}
 t - a potion of magic {unknown}
 A - 2 potions of lignification {unknown}
 D - a potion of haste {unknown}
 F - a potion of resistance {unknown}
Books
 e - a book of Geomancy

   Spells                             Type                      Level
   a - Sandblast                      Earth                        1
   b - Passwall                       Transmutation/Earth          2
   c - Stone Arrow                    Conjuration/Earth            3
   d - Petrify                        Transmutation/Earth          4
   e - Lee's Rapid Deconstruction     Earth                        5
 m - a book of Minor Magic

   Spells                             Type                      Level
   a - Magic Dart                     Conjuration                  1
   b - Blink                          Translocation                2
   c - Call Imp                       Summoning                    2
   d - Slow                           Hexes                        2
   e - Conjure Flame                  Conjuration/Fire             3
   f - Mephitic Cloud                 Conjuration/Poison/Air       3
 v - a book of Air

   Spells                             Type                      Level
   a - Shock                          Conjuration/Air              1
   b - Swiftness                      Charms/Air                   2
   c - Static Discharge               Conjuration/Air              3
   d - Airstrike                      Air                          4
   e - Lightning Bolt                 Conjuration/Air              5


   Skills:
 - Level 6.0 Dodging
 - Level 3.0 Stealth
 - Level 4.0 Spellcasting
 + Level 4.6 Conjurations
 - Level 1.1 Transmutations
 + Level 7.0 Earth Magic


You had 3 spell levels left.
You knew the following spells:

 Your Spells              Type           Power        Failure   Level  Hunger
a - Sandblast             Erth           ####..       1%          1    None
b - Blink                 Tloc           N/A          21%         2    ##.....
c - Stone Arrow           Conj/Erth      ####..       3%          3    ###....
d - Petrify               Tmut/Erth      ###.....     26%         4    ####...
e - Passwall              Tmut/Erth      ###.......   3%          2    ##.....


Dungeon Overview and Level Annotations

Branches:
Dungeon (6/15)             Temple (1/1) D:5

Altars:
Ashenzari
Cheibriados
Dithmenos
Elyvilon
Fedhas
Gozag
Hepliaklqana
Kikubaaqudgha
Makhleb
Nemelex Xobeh
Okawaru
Sif Muna
Trog
Uskayaw
Vehumet
Yredelemnul
Zin
The Shining One

Shops:
D:5 *[


Innate Abilities, Weirdness & Mutations

You have razor-sharp teeth.
You have supernaturally acute eyesight. (SInv)
You can survive without breathing.


Message History

The stone arrow hits the orc warrior.
The orc warrior is moderately wounded.
Casting: Stone Arrow
Confirm with . or Enter, or press ? or * to list all spells.
Aiming: Stone Arrow
Press: ? - help, Shift-Dir - straight line, f/p - orc warrior
Aim: an orc warrior, wielding a falchion, wearing a chain mail and wearing a shield (moderately wounded)
The stone arrow hits the orc warrior.
The orc warrior is heavily wounded.
The orc warrior hits you with a falchion!
The gnoll sergeant hits you from afar with a trident!
Casting: Stone Arrow
Confirm with . or Enter, or press ? or * to list all spells.
Aiming: Stone Arrow
Press: ? - help, Shift-Dir - straight line, f/p - orc warrior
Aim: an orc warrior, wielding a falchion, wearing a chain mail and wearing a shield (heavily wounded)
The orc warrior blocks the stone arrow.
The orc warrior hits you with a falchion!!
Ouch! That really hurt!
You die...

###.# ... #.#
... #.# g## #.#
##########..#)#
#.#
......(.....##
#.#
######g#.......
#.#####
#g##g.....
#.....# #o#
#...## #####.#
#@# #..## #.#
#.# #.## #.# #.#
#.# #.# #.# #.#
#.# ##.###)#
#.#######...##.#
#.......>.#....#
#..######...####
#..# ##.##


You could see an orc warrior and 2 gnoll sergeants.

Vanquished Creatures
  2 orc warriors
  A phantom (D:6)
  2 ogres
  A centaur (D:5)
  A bullfrog (D:6)
  Blork the orc (D:6)
  3 scorpions
  4 wights
  A howler monkey (D:5)
  A crimson imp (D:6)
  A quasit (D:5)
  2 hounds (D:6)
  A bullfrog zombie (D:5)
  A jelly (D:5)
  An orc priest (D:2)
  4 orc wizards
  A worker ant (D:4)
  6 gnolls
  12 adders
  A shadow imp (D:4)
  2 oozes
  A worm (D:3)
  14 dart slugs
  3 leopard geckos
  9 orcs
  9 bats
  6 giant cockroaches
  7 goblins
  9 hobgoblins
  4 quokkas
  4 frilled lizards
  7 kobolds
  A leopard gecko skeleton (D:6)
  3 rats (D:3)
126 creatures vanquished.

Notes
Turn   | Place    | Note
-------+----------+-------------------------------------------
     0 | D:1      | Reinor the Vampire Earth Elementalist began the quest for the Orb.
     0 | D:1      | Reached XP level 1. HP: 13/13 MP: 3/3
   555 | D:1      | Reached XP level 2. HP: 11/19 MP: 0/5
   614 | D:1      | Learned a level 2 spell: Passwall
  1017 | D:1      | Reached skill level 4 in Earth Magic
  1401 | D:1      | Reached XP level 3. HP: 24/24 MP: 4/6
  1519 | D:1      | Learned a level 3 spell: Stone Arrow
  2579 | D:2      | Reached skill level 5 in Earth Magic
  2579 | D:2      | Reached XP level 4. HP: 30/30 MP: 0/7
  3340 | D:2      | Reached XP level 5. HP: 16/35 MP: 1/9
  3691 | D:3      | Learned a level 4 spell: Petrify
  5005 | D:3      | Reached skill level 1 in Conjurations
  5177 | D:4      | Reached XP level 6. HP: 32/41 MP: 2/12
  5548 | D:4      | Found a shattered altar of Ashenzari.
  6024 | D:5      | Entered Level 5 of the Dungeon
  6033 | D:5      | Reached XP level 7. HP: 20/46 MP: 6/13
  6518 | D:5      | Reached skill level 5 in Dodging
  6527 | D:5      | Found a bloodstained altar of Trog.
  6546 | D:5      | Found a staircase to the Ecumenical Temple.
  6564 | Temple   | Entered the Ecumenical Temple
  6614 | Temple   | Became a worshipper of Makhleb the Destroyer
  6820 | D:5      | Learned a level 2 spell: Blink
  6843 | D:5      | Found an opulent altar of Gozag.
  6847 | D:5      | Found Gozag's Platinum Reserve.
  6950 | D:5      | Found Vahez's Antique Armour Boutique.
  6973 | D:5      | Got a dazzling falchion
  6993 | D:5      | Identified the cursed +0 falchion "Jeifotib" {elec, +Inv rC++ Dex-4} (You found it on level 5 of the Dungeon)
  7235 | D:6      | Reached XP level 8. HP: 46/52 MP: 14/14
  7507 | D:5      | Reached skill level 6 in Earth Magic
  7784 | D:6      | Reached * piety under Makhleb
  8149 | D:6      | Found a glowing golden altar of the Shining One.
  8243 | D:6      | Noticed Blork the orc
  8250 | D:6      | Killed Blork the orc
  8250 | D:6      | Reached skill level 7 in Earth Magic
  8359 | D:6      | Slain by an orc warrior

Skill      XL: |  1  2  3  4  5  6  7  8 |
---------------+-------------------------+-----
Earth Magic    | 4 5 7 |  7.0
Spellcasting   | 3 4 |  4.0
Conjurations   | 1 3 4 |  4.6
Dodging        | 3 6 |  6.0
Stealth        | |  3.0
Transmutations | |  1.1

Action                   |  1- 3 |  4- 6 |  7- 9 || total
-------------------------+-------+-------+-------++-------
Melee: Unarmed           |   118 |    18 |       ||   136
       Bite              |     9 |    10 |     7 ||    26
       Dagger            |       |   114 |    46 ||   160
       Falchion          |       |       |    17 ||    17
 Cast: Sandblast         |    29 |     4 |     5 ||    38
       Stone Arrow       |     1 |    39 |    52 ||    92
  Use: Potion            |     2 |    13 |     9 ||    24
       Scroll            |       |     5 |     3 ||     8
 Stab: Sleeping          |     8 |    11 |     3 ||    22
Armor: Robe              |    39 |    15 |    10 ||    64
Dodge: Dodged            |    94 |    88 |    71 ||   253
       Rpst.: Falchion   |       |       |     5 ||     5
